Match 47116658
Unlisted

Match 47116658
End
Pioneer Squad
Selects Breakthrough Battlegroup
Selects Assault Grenadiers
Construct Infanterie Kompanie
Grenadier Squad
Grenadier Squad
Grenadier Squad
Infanterie Officer Quarters
Construct Panzergrenadier Kompanie
Pak 40 Anti-tank Gun Team
251 Medium Carrier
Selects Breakthrough
Breakthrough
Pak 40 Anti-tank Gun Team
Selects Mechanized Assault Group
Mechanized Assault Group
Construct Panzer Kompanie
Panzer IV Medium Tank
Selects Rapid Production
Panzer IV Medium Tank
Stoßtruppen Squad
Selects Blitzkrieg
Blitzkrieg
Pioneer Squad
Pioneer Squad
Panzer IV Medium Tank
Blitzkrieg
Selects Tiger Heavy Tank
Stoßtruppen Squad
Blitzkrieg
Tiger Heavy Tank
Pioneer Squad
Grenadier Squad
Panzer IV Medium Tank
Blitzkrieg
Medical Station
Panzer IV Medium Tank
怎么绘世的猪莎公主
xizi20
ArmouredTopHat
Ends of Invention
0
0

Comments sign in to comment!

No comments posted yet!